 Dungeon Crawl Stone Soup version 0.18.1-50-g88ac8fd (webtiles) character file.

109 zigs the Twirler (level 4, -3/40 HPs)
             Began as a Deep Dwarf Gladiator on Oct 28, 2016.
             Slain by Turo the naga
             ... wielding a +3 long sword of electrocution
             ... created by the player character
              (9 damage)
             ... on level 3 of the Dungeon.
             The game lasted 00:12:13 (2125 turns).

zigs the Twirler (Deep Dwarf Gladiator)             Turns: 2125, Time: 00:12:13

Health: -3/40      AC: 10    Str: 19    XL:     4   Next: 60%
Magic:  6/6        EV:  5    Int:  8    God:
Gold:   3          SH:  0    Dex: 14    Spells: 0 memorised, 3 levels left

rFire  . . .     SeeInvis .     a - +0 quarterstaff
rCold  . . .     Gourm    .     A - +0 chain mail
rNeg   . . .     Faith    .     (shield currently unavailable)
rPois  .         Spirit   .     c - +0 helmet
rElec  .         Dismiss  .     (no cloak)
rCorr  .         Reflect  .     m - +0 pair of gloves
SustAt .         Harm     .     (no boots)
MR     .....                    (no amulet)
Stlth  ..........               (no ring)
                                (no ring)

@: lethally poisoned (-3 -> -3), non-regenerating, constricted, not resistant to
hostile enchantments, extremely unstealthy
A: damage resistance, recharge devices, sense surroundings 1, slow regeneration
3
a: Device Recharging


You were on level 3 of the Dungeon.
You were not hungry.

You visited 1 branch of the dungeon, and saw 3 of its levels.

You collected 157 gold pieces.

Inventory:

Hand Weapons
 a - a +0 quarterstaff (weapon)
 E - a +1 glaive of venom
Missiles
 d - 3 throwing nets (quivered)
 i - 44 poisoned needles
Armour
 c - a +0 helmet (worn)
 m - a +0 pair of gloves (worn)
 A - a +0 chain mail (worn)
Wands
 e - a wand of heal wounds (0/9)
Scrolls
 g - 2 scrolls of identify {unknown}
 h - a scroll of enchant armour {unknown}
 l - 2 scrolls of fog {unknown}
 o - 3 scrolls of amnesia {unknown}
 p - a scroll of magic mapping {unknown}
 s - 2 scrolls of enchant weapon {unknown}
 v - 2 scrolls of immolation {unknown}
 y - a scroll of teleportation {unknown}
 B - 2 scrolls of remove curse {unknown}
 C - a scroll of random uselessness {unknown}
Potions
 b - 3 potions of curing {unknown}
 j - a potion of ambrosia {unknown}
 k - a potion of flight {unknown}
 n - a potion of mutation {unknown}
 q - a potion of degeneration {unknown}
 t - a potion of lignification {unknown}
Miscellaneous
 D - a plain deck of wonders {drawn: 3}
Comestibles
 f - a bread ration
 r - 6 chunks of flesh
 u - a slice of pizza
 w - a royal jelly
 x - 7 fruits
 z - a meat ration


   Skills:
 + Level 2.6 Fighting
 * Level 3.9 Staves
 - Level 1.7 Throwing
 - Level 3.2 Dodging
 + Level 2.6 Evocations


You had 3 spell levels left.
You didn't know any spells.

Dungeon Overview and Level Annotations

Branches:
Dungeon (3/15)

Altars:
Gozag
Nemelex Xobeh
Sif Muna
The Shining One

Annotations:
D:2 Grinder


Innate Abilities, Weirdness & Mutations

You are resistant to damage.
You can recharge devices by infusing magical energy.
You passively map a small area around you.
You do not regenerate naturally.


Message History

Your chain mail prevents you from hitting Turo.
Turo is severely wounded.
Turo hits you with a long sword of electrocution.
Turo constricts you.
You closely miss Turo.
Turo is severely wounded.
Turo spits poison at you. The splash of poison hits you!
You are more poisoned.
Turo constricts you.
Some of the chunks of flesh in your inventory have rotted away.
Your chain mail prevents you from hitting Turo.
Turo is severely wounded.
Turo hits you with a long sword of electrocution.
* * * LOW HITPOINT WARNING * * *
x2 Turo constricts you.
You hit Turo but do no damage.
Turo is severely wounded.
Turo hits you with a long sword of electrocution!
You die...

#.##.##.# #...# #.....###.#..
#..÷.##.# #...# #......#.##..
#...<##># #...# #.......N..N.
#...###.####...# #.##.##.#####
#..####......(.### #.##....#####
#........#......)###.#####..5..5
###.#####.#(##..#.......###.#####
....#####.#.....#<###.......# #
######..........@N†..##.##### #
#.##.#.......##.##.## #
#.##....(....##.....#
#.#####.............# #.#
##)..########.# #.# ##.## #.#
#.### * #.# #.# #...# $. #.#
###.# #.##


You could see Turo the naga.

Vanquished Creatures
  3 adders
  An ooze (D:1)
  A dart slug (D:1)
  2 giant geckos
  5 orcs (D:3)
  8 bats
  3 giant cockroaches
  7 goblins
  13 hobgoblins
  2 jackals (D:3)
  7 kobolds
  2 quokkas (D:3)
  A giant newt (D:2)
  9 rats
64 creatures vanquished.

Vanquished Creatures (others)
  A naga (D:2)
1 creature vanquished.

Grand Total: 65 creatures vanquished

Notes
Turn   | Place    | Note
--------------------------------------------------------------
     0 | D:1      | zigs the Deep Dwarf Gladiator began the quest for the Orb.
     0 | D:1      | Reached XP level 1. HP: 19/19 MP: 1/1
   201 | D:1      | Reached skill level 1 in Evocations
   201 | D:1      | Reached XP level 2. HP: 21/26 MP: 2/2
   692 | D:1      | Reached XP level 3. HP: 24/32 MP: 4/4
   990 | D:2      | Found a deep blue altar of Sif Muna.
  1183 | D:2      | Found an opulent altar of Gozag.
  1500 | D:3      | Reached XP level 4. HP: 21/40 MP: 5/5
  1774 | D:3      | Found a glowing golden altar of the Shining One.
  1911 | D:3      | Found a sparkling altar of Nemelex Xobeh.
  2041 | D:3      | Noticed Grinder
  2044 | D:3      | Noticed Turo
  2046 | D:3      | Paralysed by Grinder for 3 turns
  2071 | D:2      | Hired Sago the naga for 154 gold.
  2086 | D:2      | Your ally Sago died
  2089 | D:2      | Paralysed by Grinder for 4 turns
  2117 | D:3      | HP: 1/40 [Turo the naga/long sword of electrocution[the player character] (12)]
  2125 | D:3      | Slain by Turo the naga

Skill      XL: |  1  2  3 |
---------------+----------+-----
Fighting       | 2 |  2.6
Staves         | 3 |  3.9
Evocations     | 1 2 |  2.6
Throwing       | |  1.7
Dodging        | |  3.2

Action                   |  1- 3 |  4- 6 || total
-------------------------+-------+-------++-------
Melee: Quarterstaff      |   105 |   107 ||   212
Evoke: Wand              |       |     5 ||     5
       Deck              |       |     3 ||     3
  Eat: Chunk             |     2 |     2 ||     4
Armor: Leather armour    |     2 |       ||     2
       Ring mail         |    36 |    15 ||    51
       Chain mail        |       |    37 ||    37
Dodge: Dodged            |    66 |    51 ||   117
